 Dungeon Crawl Stone Soup version 0.27-a0-1184-ge86db4a01e (webtiles) character file.

Game seed: 13153151052010144503

15179 voltaire321 the Fighter (level 11, -1/104 HPs)
             Began as a Minotaur Gladiator on May 18, 2021.
             Was an Elder of Makhleb.
             Slain by a polar bear (24 damage)
             ... on level 2 of the Lair of Beasts.
             The game lasted 00:32:45 (13269 turns).

voltaire321 the Fighter (Minotaur Gladiator)       Turns: 13269, Time: 00:32:46

Health: -1/104     AC: 19    Str: 21    XL:     11   Next: 98%
Magic:  15/15      EV: 11    Int:  6    God:    Makhleb [****..]
Gold:   2115       SH:  0    Dex: 18    Spells: 10/10 levels left

rFire    + . .     SeeInvis .   b - +1 battleaxe (vorpal)
rCold    + . .     Faith    .   (shield currently unavailable)
rNeg     . . .     Spirit   .   j - +0 plate armour
rPois    .         Reflect  .   c - +0 hat
rElec    .         Harm     .   g - +0 cloak
rCorr    .         Rampage  .   h - +1 pair of gloves
Will     .....                  m - +0 pair of boots
Stlth    ..........             (no amulet)
HPRegen  0.27/turn              t - +6 ring of dexterity
MPRegen  0.14/turn              A - ring of protection from fire

@: studying 2 skills
A: horns 2, retaliatory headbutt, cold resistance 1
a: Renounce Religion, Minor Destruction, Lesser Servant of Makhleb, Major
Destruction


You were on level 2 of the Lair of Beasts.
You worshipped Makhleb.
Makhleb was greatly pleased with you.
You visited 3 branches of the dungeon, and saw 14 of its levels.

You collected 2115 gold pieces.

Inventory:

Hand Weapons
 a - a +0 war axe
 b - a +1 vorpal battleaxe (weapon)
Missiles
 d - 4 throwing nets
 k - 40 poisoned darts
 o - 6 curare-tipped darts (quivered)
 p - 16 boomerangs
 z - 2 javelins
 I - 5 silver javelins
Armour
 c - a +0 hat (worn)
 g - a +0 cloak (worn)
 h - a +1 pair of gloves (worn)
 j - a +0 plate armour (worn)
 m - a +0 pair of boots (worn)
Jewellery
 t - a +6 ring of dexterity (left hand)
 v - a ring of protection from fire
 A - a ring of protection from fire (right hand)
 J - a ring of positive energy
 K - a ring of ice
Wands
 q - a wand of iceblast (5)
 s - a wand of flame (13)
 y - a wand of polymorph (5)
 H - a wand of digging (2)
 L - a wand of mindburst (20)
Scrolls
 f - 2 scrolls of blinking
 r - 4 scrolls of enchant weapon
 w - 5 scrolls of identify
 C - 3 scrolls of fear
 E - a scroll of acquirement
 F - a scroll of teleportation
Potions
 e - 2 potions of might
 i - 3 potions of lignification
 l - a potion of berserk rage
 n - 2 potions of brilliance
 u - a potion of heal wounds
 x - 2 potions of mutation
 B - 5 potions of flight
 D - a potion of cancellation
 G - 4 potions of curing


   Skills:
 + Level 11.7 Fighting
 + Level 10.1 Axes
 + Level 7.8 Throwing
 + Level 9.3 Armour
 + Level 9.2 Dodging
 + Level 6.2 Stealth
 + Level 7.7 Invocations


You had 10 spell levels left.
You didn't know any spells.
Your spell library contained the following spells:

 Spells                   Type           Power      Damage    Failure   Level
 Freeze                   Ice            0%         1d3       100%        1
 Magic Dart               Conj           0%         1d3       100%        1
 Summon Small Mammal      Summ           0%         N/A       100%        1
 Blink                    Tloc           N/A        N/A       100%        2
 Call Imp                 Summ           0%         N/A       100%        2
 Searing Ray              Conj           0%         3d3       100%        2
 Slow                     Hex            0%         N/A       100%        2
 Call Canine Familiar     Summ           0%         N/A       100%        3
 Conjure Flame            Conj/Fire      0%         6-21      100%        3
 Dazzling Flash           Conj/Hex       0%         N/A       100%        3
 Frozen Ramparts          Ice            0%         1d2       100%        3
 Mephitic Cloud           Conj/Pois/Air  0%         N/A       100%        3
 Ozocubu's Armour         Ice            0%         N/A       100%        3
 Summon Guardian Golem    Hex/Summ       0%         N/A       100%        3
 Fulminant Prism          Conj/Hex       0%         3d6       100%        4
 Hailstorm                Conj/Ice       0%         3d3       100%        4
 Iskenderun's Mystic Bla  Conj/Tloc      0%         2d3       100%        4
 Summon Ice Beast         Ice/Summ       0%         N/A       100%        4
 Summon Lightning Spire   Summ/Air       0%         N/A       100%        4
 Metabolic Englaciation   Hex/Ice        0%         N/A       100%        5


Dungeon Overview and Level Annotations

Branches:
Dungeon (11/15)            Temple (1/1) D:4            Lair (2/6) D:10
  Swamp: Lair:2-4    Shoals: Lair:2-4     Snake: Lair:2-4    Spider: Lair:2-4
    Orc: D:9-12

Altars:
Ashenzari
Cheibriados
Dithmenos
Elyvilon
Fedhas
Gozag
Hepliaklqana
Kikubaaqudgha
Makhleb
Nemelex Xobeh
Okawaru
Qazlal
Ru
Sif Muna
Trog
Uskayaw
Vehumet
Wu Jian
Xom
Yredelemnul
Zin
The Shining One

Shops:
D:3 *

Annotations:
D:9 2 transporters, killer11drew's ghost, novice TrMo


Innate Abilities, Weirdness & Mutations

You have a pair of horns on your head.
You reflexively headbutt those who attack you in melee.
Your flesh is cold resistant. (rC+)


Message History

The blink frog hits you but does no damage.
The polar bear bites you but does no damage.
The polar bear claws you but does no damage.
The polar bear barely misses you.
The blink frog blinks!
The blink frog misses you.
You slash the polar bear! You headbutt the polar bear.
The polar bear is severely wounded.
You slice the fungus!! You hit the blink frog. You closely miss the blink frog.
The blink frog hits you! The polar bear barely misses you.
You furiously retaliate!
You headbutt the polar bear.
The polar bear claws you but does no damage.
The polar bear barely misses you.
The blink frog blinks!
The blink frog hits you but does no damage.
The polar bear goes berserk!
You slash the polar bear!
The polar bear is almost dead.
You hit the fungus. You hit the blink frog.
A nearby fungus withers and dies.
The blink frog hits you but does no damage.
The polar bear bites you!!
* * * LOW HITPOINT WARNING * * *
The polar bear claws you but does no damage. x2
The blink frog blinks!
You barely miss the polar bear.
The polar bear is almost dead.
You slice the blink frog!!
You kill the blink frog!
Makhleb accepts your kill.
You feel better. The polar bear completely misses you.
The polar bear barely misses you.
The polar bear claws you but does no damage.
The blink frog blinks!
The polar bear bites you!
* * * LOW HITPOINT WARNING * * *
The polar bear misses you. The polar bear barely misses you.
You closely miss the polar bear.
The polar bear is almost dead.
The polar bear bites you.
* * * LOW HITPOINT WARNING * * *
The polar bear claws you but does no damage. x2
The polar bear bites you!!
You die...

..........
.....⌠...#..###...##...##.#
.........+.........#####...
.#....##.#..?........©.....
..#........................
#...#####..................
#..........................
#............F#............
...............$@h.........
...............F..†........
#..........................
.###...............#......#
## .#........########..###.
..........# ### ..........#
........### #........###


You could see a polar bear (berserk) and 2 blink frogs.

Vanquished Creatures
  Fannar (Lair:1)
  Erolcha (D:10)
  A two-headed ogre (D:9)
  Sonja (D:10)
  5 elephants (Lair:1)
  A black mamba (Lair:1)
  A cane toad (Lair:1)
  Maggie (D:7)
  4 komodo dragons
  A rime drake (Lair:2)
  4 trolls
  Prince Ribbit (D:5)
  A hornet (D:8)
  3 blink frogs (Lair:2)
  Sigmund (D:5)
  A shadow (D:6)
  10 yaks
  2 wraiths
  2 wyverns
  Eustachio (D:5)
  A basilisk (Lair:1)
  Menkaure (D:5)
  A water moccasin (Lair:2)
  3 sky beasts (D:6)
  3 black bears
  Purgy (D:2)
  7 orc warriors
  An ogre (D:5)
  5 centaurs
  3 wolves (D:10)
  A phantom (D:5)
  3 kobold brigands
  2 bullfrogs
  A wyvern zombie (D:8)
  2 gnoll sergeants
  5 wights (D:8)
  3 electric eels
  A bullfrog zombie (D:5)
  3 centaur zombies
  7 hounds
  2 orc priests (D:6)
  A centaur skeleton (D:6)
  A jelly (D:8)
  Jessica (D:3)
  5 orc wizards
  2 killer bee zombies
  10 gnolls
  2 howler monkey zombies
  7 adders
  A shadow imp (D:6)
  2 white imps (D:7)
  An ufetubus (D:4)
  A worm (D:2)
  A dart slug (D:4)
  26 orcs
  9 ball pythons
  4 bats
  4 endoplasms
  4 giant cockroaches
  4 goblins
  7 hobgoblins
  8 jackals
  5 quokkas
  4 frilled lizards
  28 kobolds
  5 rats
  A bush (D:4)
243 creatures vanquished.

Vanquished Creatures (others)
  Maurice (D:9)
  3 fungi
  4 plants (Lair:1)
8 creatures vanquished.

Grand Total: 251 creatures vanquished

Notes
Turn   | Place    | Note
-------+----------+-------------------------------------------
     0 | D:1      | voltaire321 the Minotaur Gladiator began the quest for the
                  | Orb.
     0 | D:1      | Reached XP level 1. HP: 18/18 MP: 0/0
   228 | D:1      | Reached XP level 2. HP: 25/25 MP: 1/1
   574 | D:1      | Reached skill level 1 in Armour
   681 | D:2      | Reached XP level 3. HP: 30/30 MP: 2/2
   710 | D:2      | Reached skill level 3 in Fighting
   968 | D:2      | Found a burning altar of Makhleb.
   979 | D:2      | Became a worshipper of Makhleb the Destroyer
  1554 | D:3      | Reached XP level 4. HP: 38/38 MP: 3/3
  1584 | D:3      | Noticed Jessica
  1585 | D:3      | Found an iron altar of Okawaru.
  1593 | D:3      | Killed Jessica
  1868 | D:3      | Found Zin's Purification Station.
  1869 | D:3      | Found a glowing silver altar of Zin.
  1875 | D:3      | Reached * piety under Makhleb
  1879 | D:3      | Reached XP level 5. HP: 21/45 MP: 4/4
  1887 | D:3      | Noticed Purgy
  2098 | D:2      | Killed Purgy
  2099 | D:2      | Reached skill level 1 in Invocations
  2280 | D:3      | Found a faded altar of an unknown god.
  2435 | D:3      | Reached XP level 6. HP: 43/52 MP: 6/6
  2811 | D:4      | Found a staircase to the Ecumenical Temple.
  2827 | Temple   | Entered the Ecumenical Temple
  3148 | D:4      | Found a glowing golden altar of the Shining One.
  3187 | D:4      | Found a stormy altar of Qazlal.
  3213 | D:4      | Reached skill level 4 in Fighting
  3372 | D:4      | Found a blossoming altar of Fedhas.
  3465 | D:5      | Entered Level 5 of the Dungeon
  3528 | D:5      | Identified a scroll of acquirement
  3528 | D:5      | Acquired 1267 gold pieces
  3587 | D:5      | Noticed Sigmund
  3588 | D:5      | Noticed Eustachio
  3599 | D:6      | Noticed a shadow
  3607 | D:6      | Killed a shadow
  3608 | D:6      | Reached skill level 5 in Axes
  3608 | D:6      | Reached XP level 7. HP: 46/60 MP: 7/7
  3764 | D:6      | Found a sparkling altar of Nemelex Xobeh.
  4137 | D:6      | Reached skill level 5 in Dodging
  4140 | D:6      | Gained mutation: You are clumsy. (Dex -2) [potion of
                  | mutation]
  4140 | D:6      | Lost mutation: You are clumsy. (Dex -2) [potion of
                  | mutation]
  4140 | D:6      | Gained mutation: Your flesh is cold resistant. (rC+)
                  | [potion of mutation]
  4474 | D:5      | Noticed Menkaure
  4628 | D:5      | Killed Menkaure
  4629 | D:5      | Reached skill level 5 in Fighting
  4907 | D:5      | Reached ** piety under Makhleb
  5069 | D:5      | Killed Sigmund
  5070 | D:5      | Reached XP level 8. HP: 68/68 MP: 9/9
  5108 | D:5      | Found a burning altar of Makhleb.
  5350 | D:5      | Killed Eustachio
  5528 | D:5      | Noticed Prince Ribbit
  5536 | D:5      | Killed Prince Ribbit
  5537 | D:5      | Reached skill level 5 in Armour
  5884 | D:6      | Reached skill level 6 in Fighting
  5884 | D:6      | Reached skill level 5 in Throwing
  6297 | D:7      | Found a snail-covered altar of Cheibriados.
  6507 | D:7      | Reached XP level 9. HP: 75/75 MP: 11/11
  6560 | D:7      | Noticed Maggie
  6571 | D:7      | Killed Maggie
  7370 | D:8      | Paralysed by a hornet for 2 turns
  7374 | D:8      | Reached skill level 7 in Fighting
  7569 | D:8      | Reached skill level 5 in Invocations
  7731 | D:8      | Reached skill level 8 in Fighting
  7749 | D:8      | Reached XP level 10. HP: 76/88 MP: 13/13
  8488 | D:9      | Reached skill level 1 in Stealth
  8679 | D:9      | Found a transporter.
  8682 | D:9      | Noticed a two-headed ogre
  8683 | D:9      | Noticed killer11drew's ghost (novice TrMo)
  8684 | D:9      | Found a transporter.
  8686 | D:9      | Noticed a five-headed hydra
  8691 | D:9      | Killed a two-headed ogre
  8692 | D:9      | Reached skill level 9 in Fighting
  8972 | D:9      | Found the +8 demon blade "Leech" {vamp, *Rage +Rage rN+}
  8977 | D:9      | Reached *** piety under Makhleb
  8978 | D:9      | Noticed Maurice
  8997 | D:9      | Killed Maurice
  9737 | D:10     | Entered Level 10 of the Dungeon
  9889 | D:10     | Reached skill level 10 in Fighting
  9894 | D:10     | Found a staircase to the Lair.
  9898 | D:10     | Noticed Sonja
 10157 | D:10     | Killed Sonja
 10158 | D:10     | Reached XP level 11. HP: 44/99 MP: 14/14
 10411 | D:10     | Noticed Erolcha
 10421 | D:10     | Killed Erolcha
 11431 | Lair:1   | Entered Level 1 of the Lair of Beasts
 11458 | Lair:1   | Noticed Fannar
 11490 | Lair:1   | Killed Fannar
 11700 | Lair:1   | Reached skill level 5 in Stealth
 11979 | Lair:1   | Reached **** piety under Makhleb
 11981 | Lair:1   | Reached skill level 11 in Fighting
 12368 | Lair:1   | Reached skill level 10 in Axes
 12407 | Lair:1   | Identified the +1 robe of Contentment {Dex+2}
 13269 | Lair:2   | Slain by a polar bear

Illustrated notes

Levels and vault maps discovered:
D:1:      minmay_arrival_wavy_path, layout_basic
D:2:      minmay_spotlight, layout_rooms, basic_altar, minmay_indecisive_spiral
D:3:      layout_basic, okawaru_gym_becter, zin_purify, basic_ecumenical_altar,
          minmay_door_square, uniq_purgy, uniq_jessica
D:4:      layout_cave_pools, fedhas_altar_4, lemuel_round_altar,
          lemuel_tele_altar, temple_fountains, minmay_hedge_maze
D:5:      layout_rooms, overflow_temple_1_default, serial_co_window_serial,
          co_window_corner_a, co_window_corner_a, co_window_paths_a,
          co_window_paths_b, co_window_paths_a, co_window_broadway_a,
          co_window_paths_c, co_window_2corner, co_window_paths_d,
          co_window_sun, glass_columns_c, glass_columns_c, glass_columns_b,
          minmay_misc_feat_diagonals, uniq_sigmund, uniq_eustachio,
          uniq_menkaure, uniq_prince_ribbit1
D:6:      layout_loops_cross, nicolae_overflow_crystal_walls
D:7:      layout_gridville, cheibriados_altar_1, hangedman_glass_teeth,
          minmay_holes, minmay_manual_monstrance, uniq_maggie
D:8:      layout_loops_ring, minmay_manual_mullet
D:9:      layout_grid_maze, gammafunk_ghost_arena, chequers_decorated_corner,
          st_stairs_8, sword_in_stone, uniq_maurice
D:10:     layout_irregular_city, erik_lair_island, uniq_sonja, uniq_erolcha
D:11:     layout_basic, orc_0_dummy, uniq_psyche
Temple:   eino_narrow_crystal_temple
Lair:1:   layout_gridlike, serial_bayou_shore_b, uniq_fannar
Lair:2:   layout_hall_layers, nzn_ghost_randoct, infiniplex_staircase_pool_2,
          grunt_megastairs_1

Skill      XL: |  1  2  3  4  5  6  7  8  9 10 11 |
---------------+----------------------------------+-----
Armour         | 1 2 3 4 5 7 8 9 |  9.3
Axes           | 4 5 6 8 9 10 | 10.1
Fighting       | 3 4 5 6 8 10 11 | 11.7
Dodging        | 4 5 6 7 8 9 |  9.2
Throwing       | 3 4 5 6 7 |  7.8
Invocations    | 1 2 3 4 5 6 7 |  7.7
Stealth        | 3 6 |  6.2

Action                   |  1- 3 |  4- 6 |  7- 9 | 10-12 || total
-------------------------+-------+-------+-------+-------++-------
Melee: War axe           |    67 |       |       |       ||    67
       Headbutt          |    12 |    17 |    42 |    57 ||   128
       Battleaxe         |     1 |   122 |   166 |   228 ||   517
       Unarmed           |       |       |    33 |       ||    33
Throw: Dart              |       |       |     2 |     6 ||     8
Evoke: Wand              |       |       |       |     5 ||     5
  Use: Scroll            |       |     9 |     9 |     3 ||    21
       Potion            |       |       |     3 |     1 ||     4
 Stab: Confused          |       |       |     5 |       ||     5
Armor: Leather armour    |    24 |       |       |       ||    24
       Ring mail         |       |    26 |       |       ||    26
       Scale mail        |       |    26 |       |       ||    26
       Chain mail        |       |     6 |   112 |       ||   118
       Plate armour      |       |       |    46 |   192 ||   238
       Skin              |       |       |     2 |       ||     2
Dodge: Dodged            |    59 |    89 |   166 |   176 ||   490

Table legend: (Time is in decaauts)
 A = Elapsed time spent in this place.
 B = Non-inter-level travel time spent in this place.
 C = Inter-level travel time spent in this place.
 D = Time resting spent in this place.
 E = Time spent auto-exploring this place.
 F = Levels seen in this place.
 G = Mean time per level.
                   A        B        C        D        E       F      G
               +--------+--------+--------+--------+--------+-----+--------+
         Total |  13526 |  13194 |    332 |   4021 |   6597 |  14 |  966.1 |
       Dungeon |  11456 |  11137 |    319 |   3412 |   5484 |  11 | 1041.5 |
        Temple |    207 |    194 |     13 |      0 |    193 |   1 |  207.0 |
          Lair |   1862 |   1862 |      0 |    609 |    919 |   2 |  931.0 |
               +--------+--------+--------+--------+--------+-----+--------+

Top non-repeatable levels by time:
     D:6: 1635 daAuts
     D:9: 1605 daAuts
  Lair:1: 1471 daAuts
     D:5: 1379 daAuts
    D:10: 1210 daAuts
     D:8: 1123 daAuts
     D:2: 1076 daAuts
     D:3: 966 daAuts
     D:7: 764 daAuts
     D:4: 759 daAuts
     D:1: 685 daAuts
  Lair:2: 390 daAuts
    D:11: 248 daAuts
  Temple: 207 daAuts
